 Dungeon Crawl Stone Soup version 0.17-a0-469-g696e5a1 (webtiles) character file.

32 Radiman the Digger (level 3, 0/19 HPs)
             Began as a Gargoyle Earth Elementalist on Apr 6, 2015.
             Slain by a worm (5 damage)
             ... on level 2 of the Dungeon.
             The game lasted 00:04:12 (1716 turns).

Radiman the Digger (Gargoyle Earth Elementalist)    Turns: 1716, Time: 00:04:12

Health: 0/19       AC:  5    Str: 11    XL:     3   Next: 25%
Magic:  0/6        EV: 12    Int: 16    God:
Gold:   56         SH:  0    Dex: 10    Spells: 2 memorised, 3 levels left

rFire  . . .     SeeInvis .     e - +0 mace
rCold  . . .     Clarity  .     c - +0 robe
rNeg   + . .     SustAb   .     (no shield)
rPois  ∞         Gourm    .     (no helmet)
rElec  +         Spirit   .     (no cloak)
rCorr  .         Warding  .     (no gloves)
rMut   .         Stasis   .     (no boots)
MR     .....                    (no amulet)
Stlth  ++........               (no ring)
                                k - ring of flight

@: not resistant to hostile enchantments, unstealthy
A: negative energy resistance 1, electricity resistance, unbreathing,
petrification resistance, rot immunity, AC +3
a: Evoke Flight


You were on level 2 of the Dungeon.
You were not hungry.

You visited 1 branch of the dungeon, and saw 2 of its levels.

You collected 56 gold pieces.

Inventory:

Hand weapons
 e - a +0 mace (weapon)
Missiles
 b - 20 stones (quivered)
Armour
 c - a +0 robe (worn)
Jewellery
 k - a ring of flight (left hand)
Scrolls
 j - a scroll of remove curse
 m - 4 scrolls of amnesia
Potions
 f - a potion of might {unknown}
 l - a potion of resistance {unknown}
 n - a potion of restore abilities {unknown}
 o - a potion of heal wounds {unknown}
 p - 2 potions of curing {unknown}
Books
 d - a book of Geomancy

   Spells                             Type                      Level
   a - Sandblast                      Earth                        1
   b - Stoneskin                      Transmutation/Earth          2
   c - Passwall                       Transmutation/Earth          3
   d - Stone Arrow                    Conjuration/Earth            3
   e - Petrify                        Transmutation/Earth          4
   f - Lee's Rapid Deconstruction     Earth                        5
Comestibles
 a - 2 bread rations
 h - a royal jelly
 i - 3 fruits


   Skills:
 - Level 1.5 Dodging
 - Level 2.1 Stealth
 + Level 2.3 Spellcasting
 - Level 0.7 Transmutations
 * Level 4.8 Earth Magic


You had 3 spell levels left.
You knew the following spells:

 Your Spells              Type           Power        Failure   Level  Hunger
a - Sandblast             Erth           ###...       3%          1    #......
b - Stoneskin             Trmt/Erth      ##......     12%         2    ###....


Dungeon Overview and Level Annotations

Branches:
Dungeon (2/15)

Altars:


Innate Abilities, Weirdness & Mutations

You are resistant to torment.
Your stone body is resilient (AC +3).
You are immune to poison.
You resist negative energy.
You are resistant to electric shocks.
You can survive without breathing.
You are immune to petrification.
You are immune to rotting.


Message History

The worm is heavily wounded.
Casting: Sandblast
Confirm with . or Enter, or press ? or * to list all spells.
Aiming: Sandblast
Press: ? - help, Shift-Dir - straight line, f/p - worm
Aim: a worm (heavily wounded)
The blast of sand hits the worm.
The worm is heavily wounded.
The worm closely misses you.
Casting: Sandblast
Confirm with . or Enter, or press ? or * to list all spells.
Aiming: Sandblast
Press: ? - help, Shift-Dir - straight line, f/p - worm
Aim: a worm (heavily wounded)
The blast of sand hits the worm.
The worm is heavily wounded.
You hit the worm.
The worm is severely wounded.
The worm bites you.
You die...

. ###....# . .. #....#
#. .. ###....# ##..#.
#......# .....#.
#+######...# w......
#..........# .......
#######....#
^.......#########....#
.....!.>.w@..........#
......######(........#
### #.##......#
#.##.###.## #....# #.#
###### #.# #.# #####.#
#..<#.#


You could see a worm.

Vanquished Creatures
  An adder (D:2)
  A worm (D:2)
  A giant gecko (D:2)
  A ball python (D:1)
  5 hobgoblins
  A bat (D:1)
  2 giant newts (D:1)
  A kobold (D:2)
  3 rats
16 creatures vanquished.

Notes
Turn   | Place    | Note
--------------------------------------------------------------
     0 | D:1      | Radiman, the Gargoyle Earth Elementalist, began the quest for the Orb.
     0 | D:1      | Reached XP level 1. HP: 10/10 MP: 3/3
   351 | D:1      | Reached skill level 4 in Earth Magic
   575 | D:1      | Reached XP level 2. HP: 10/15 MP: 5/5
   582 | D:1      | Learned a level 2 spell: Stoneskin
  1613 | D:2      | Reached XP level 3. HP: 19/19 MP: 2/6
  1716 | D:2      | Slain by a worm

Action                   || total
-------------------------++-------
Melee: Mace              ||    59
 Cast: Sandblast         ||    18
  Use: Scroll            ||     5
 Stab: Sleeping          ||     2
  Eat: Chunk             ||     3
